 Dungeon Crawl Stone Soup version 0.28-a0-577-gb193047a1f (webtiles) character file.

Game seed: 13950377718530009515

40553 demibob the Impaler (level 14, -2/90 HPs)
             Began as a Merfolk Gladiator on Oct 2, 2021.
             Was a High Priest of Qazlal.
             Slain by a seven-headed hydra (6 damage)
             ... while petrified by a basilisk
             ... on level 6 of the Lair of Beasts.
             The game lasted 00:35:06 (19443 turns).

demibob the Impaler (Merfolk Gladiator)            Turns: 19443, Time: 00:35:07

Health: -2/90      AC: 13    Str: 21    XL:     14   Next: 11%
Magic:  24/24      EV:  2    Int:  7    God:    Qazlal [*****.]
Gold:   760        SH:  0    Dex: 20    Spells: 13/13 levels left

rFire   . . .      SeeInvis .   a - +2 glaive (flame)
rCold   . . .      Faith    +   (shield currently unavailable)
rNeg    + + +      Spirit   .   c - +0 acid dragon scales
rPois   ∞          Reflect  .   I - +2 hat
rElec   .          Harm     .   j - +0 cloak
rCorr   +          Rampage  .   (no gloves)
Will    +....                   h - +0 pair of boots
Stlth   +.........              T - amulet of faith {!P}
HPRegen 0.25/turn               S - +6 ring of strength
MPRegen 0.19/turn               P - ring of poison resistance

@: petrified, protected from physical damage, repel missiles
A: (nimble swimmer 2), mertail
a: Renounce Religion, Upheaval, Elemental Force, Disaster Area


You were on level 6 of the Lair of Beasts.
You worshipped Qazlal.
Qazlal was extremely pleased with you.
You visited 2 branches of the dungeon, and saw 17 of its levels.
You also visited: Sewer.

You collected 1153 gold pieces.
You spent 393 gold pieces at shops.


Innate Abilities, Weirdness & Mutations

((You are quick and stealthy near water. (Stealth+, EV+, Speed+++)))
Your lower body shifts to a powerful aquatic tail in water.


   Skills:
 - Level 2.1 Fighting
 + Level 19.9 Polearms
 - Level 2.0 Throwing
 + Level 19.4 Dodging
 + Level 13.6 Invocations


You had 13 spell levels left.
You didn't know any spells.
Your spell library contained the following spells:

 Spells                   Type           Power      Damage    Failure   Level
 Foxfire                  Conj/Fire      0%         2x1d4     52%         1
 Freeze                   Ice            0%         1d3       52%         1
 Sandblast                Erth           0%         2d4       52%         1
 Passwall                 Tmut/Erth      0%         N/A       65%         2
 Conjure Flame            Conj/Fire      0%         6-21      87%         3
 Frozen Ramparts          Ice            0%         1d2       87%         3
 Ignite Poison            Fire/Tmut/Pois 0%         N/A       87%         3
 Inner Flame              Hex/Fire       0%         N/A       87%         3
 Ozocubu's Armour         Ice            0%         N/A       87%         3
 Stone Arrow              Conj/Erth      0%         3d7       87%         3
 Flame Wave               Conj/Fire      0%         3d3       99%         4
 Hailstorm                Conj/Ice       0%         3d3       99%         4
 Sticky Flame             Conj/Fire      0%         2d3       99%         4
 Blade Hands              Tmut           0%         N/A       100%        5
 Irradiate                Conj/Tmut      0%         3d14      100%        5
 Metabolic Englaciation   Hex/Ice        0%         N/A       100%        5
 Simulacrum               Ice/Necr       0%         N/A       100%        6
 Dragon Form              Tmut           0%         N/A       100%        7
 Ozocubu's Refrigeration  Ice            0%         4d5       100%        7

Inventory:

Hand Weapons
 a - a +2 glaive of flaming (weapon)
 b - a +3 glaive of distortion
 e - the +7 great mace "Firestarter" {inner flame, rF++}
   (You took it off a fire giant on level 11 of the Dungeon)

   It burns those it strikes, dealing additional fire damage.
   It fills those it strikes with an explosive inner flame.
   It grants immunity to clouds of flame.
   rF:        It greatly protects you from fire.
 D - a +3 scimitar of flaming
 N - a +1 trident
Missiles
 d - 4 throwing nets (quivered) {=f}
Armour
 c - +0 acid dragon scales (worn)
 h - a +0 pair of boots (worn)
 j - a +0 cloak (worn)
 F - a +0 pair of gloves
 I - a +2 hat (worn)
 Q - +0 swamp dragon scales
Magical Staves
 M - a staff of cold {!a}
 O - a staff of fire {!a}
 R - a staff of air {!a}
Jewellery
 p - an amulet of reflection
 t - an amulet of the acrobat
 C - a ring of ice
 P - a ring of poison resistance (right hand)
 S - a +6 ring of strength (left hand)
 T - an amulet of faith (around neck) {!P}
Wands
 l - a wand of iceblast (23)
 w - a wand of flame (40)
 y - a wand of paralysis (38)
 G - a wand of polymorph (14)
 L - a wand of mindburst (5)
 U - a wand of charming (9)
Scrolls
 g - 2 scrolls of magic mapping
 i - 9 scrolls of teleportation {@r2}
 k - 3 scrolls of fog
 m - 7 scrolls of enchant weapon
 r - 4 scrolls of fear
 V - a scroll of enchant armour
 W - a scroll of identify {@r1}
Potions
 f - 2 potions of cancellation
 n - 3 potions of mutation
 o - a potion of berserk rage {!q}
 q - 2 potions of magic
 s - a potion of ambrosia {unknown}
 u - 2 potions of brilliance
 v - 2 potions of resistance {unknown}
 x - 4 potions of lignification
 z - 3 potions of curing {@q1}
 A - 2 potions of heal wounds {@q2}
 B - a potion of might
 E - 3 potions of haste {@q3}
 H - a potion of degeneration {unknown}
 K - 3 potions of invisibility
Miscellaneous
 J - a phial of floods

Dungeon Overview and Level Annotations

Branches:
Dungeon (11/15)              Lair (6/6) D:11          Swamp (0/4) Lair:2
 Spider (0/4) Lair:3        Sewer (visited)
 Temple: D:4-7        Slime: Lair:5-6       Orc: D:9-12

Altars:
Ashenzari
Dithmenos
Elyvilon
Kikubaaqudgha
Makhleb
Qazlal
Uskayaw
Wu Jian

Shops:
D:3 [*(::   D:6 *   D:8 !

Portals:
Abyss: Lair:6

Annotations:
Lair:6 2 transporters, Juaseomp's ghost, journeyman DjFE

.... .. .... .. .....
. ## . ..... P .#.
..P... P ##○##...#.. .
##.☼Dl○..... .
##..°@.○..... .
#.#.°##...... .
#..○##....#. ▒
##.P........ .
#.......... [
#.......P... ...P .
##.....##.♣..P...▒▒▒
####.....##♣...P......
#............♣........


You could see a seven-headed hydra and a basilisk.


Message History

The seven-headed hydra bites you!
* * * LOW HITPOINT WARNING * * *
The seven-headed hydra bites you!
* * * LOW HITPOINT WARNING * * *
You feel more protected from physical attacks.
The seven-headed hydra bites you.
* * * LOW HITPOINT WARNING * * *
The seven-headed hydra bites you!
* * * LOW HITPOINT WARNING * * *
The seven-headed hydra bites you. The seven-headed hydra bites you!
* * * LOW HITPOINT WARNING * * *
The basilisk gazes at you.
The seven-headed hydra bites you but does no damage.
The seven-headed hydra bites you!
* * * LOW HITPOINT WARNING * * *
The seven-headed hydra bites you but does no damage. x2
The seven-headed hydra bites you!
* * * LOW HITPOINT WARNING * * *
The seven-headed hydra bites you!
* * * LOW HITPOINT WARNING * * *
You feel more protected from physical attacks.
The seven-headed hydra bites you but does no damage.
The seven-headed hydra bites you but does no damage.
The seven-headed hydra bites you!
* * * LOW HITPOINT WARNING * * *
The seven-headed hydra bites you!
* * * LOW HITPOINT WARNING * * *
You feel more protected from physical attacks.
The seven-headed hydra bites you!
You die...

Skill      XL: |  1  2  3  4  5  6  7  8  9 10 11 12 13 |
---------------+----------------------------------------+-----
Polearms       | 5 6 7 8 9 11 15 16 17 19 | 19.9
Dodging        | 5 6 7 8 9 12 15 17 19 | 19.4
Invocations    | 1 3 4 5 8 11 12 13 | 13.6
Fighting       | |  2.1
Throwing       | |  2.0

Action                   |  1- 3 |  4- 6 |  7- 9 | 10-12 | 13-15 || total
-------------------------+-------+-------+-------+-------+-------++-------
Melee: Trident           |    84 |   134 |   236 |    16 |       ||   470
       Halberd           |       |       |   148 |   429 |       ||   577
       Tailslap          |       |       |     4 |       |       ||     4
       Glaive            |       |       |       |   165 |   342 ||   507
Invok: Elemental Force   |       |       |       |     1 |       ||     1
       Upheaval          |       |       |       |    16 |       ||    16
Evoke: Wand              |       |       |       |     9 |       ||     9
  Use: Potion            |       |     4 |       |     9 |       ||    13
       Scroll            |       |     4 |    12 |    10 |     3 ||    29
 Stab: Sleeping          |     1 |       |       |       |       ||     1
       Paralysed         |       |       |       |     6 |       ||     6
Armor: Leather armour    |    16 |    19 |    34 |     2 |       ||    71
       Acid dragon scale |       |       |       |    74 |    53 ||   127
Dodge: Dodged            |    47 |    77 |   149 |   360 |   255 ||   888
       Repelled          |       |       |       |       |     3 ||     3
Block: Other             |     1 |     8 |   110 |   156 |    64 ||   339
       Reflection        |       |       |     4 |     4 |       ||     8

Levels and vault maps discovered:
D:1:      giann_bridges, layout_basic, shapermc_ecumenical_altar_petra
D:2:      layout_rooms, uniq_natasha
D:3:      layout_rooms, serial_shops, nicolae_shop_trees,
          nicolae_shop_window_shopping, shop, shop, nicolae_shop_trees
D:4:      layout_loops_ring, nicolae_wu_jian_wuxing_cycle
D:5:      layout_rooms, lemuel_tele_altar, kennysheep_mini_moat,
          chequers_serial_rivers_large_a, dk_rats_in_the_wall
D:6:      kennysheep_steamy, layout_cave_pods, minmay_temple_entry_stoned_glass,
          cheibrodos_sewer_entry_drain, nicolae_shop_sticking_my_neck_out
D:7:      layout_loops_ring, kiku_gazebo_pond_becter, serial_glass,
          glass_columns_a, glass_columns_a, kennysheep_cross_room
D:8:      layout_basic, jmf_multi_god_temple, nicolae_stop_n_shop_2,
          minmay_lizard_king, uniq_joseph
D:9:      layout_roguey, nicolae_uskayaw_dance_hall, the_hattery, uniq_maurice
D:10:     layout_basic, palyth_stone_intersect, minmay_liquid_box
D:11:     minmay_firetagon, layout_loops_cross, due_lair_maze_entry_diamond,
          uniq_erica, uniq_harold
Lair:1:   layout_roguey, wad_woods_03, lemuel_fruit_tree, uniq_maggie
Lair:2:   layout_roguey, minmay_swamp_entry_wisps, grunt_megastairs_2,
          serial_bayou_shore_a
Lair:3:   layout_hall_layers, spider_nest_entry_funnel_web, serial_forest,
          infiniplex_forest_clump_large, infiniplex_forest_lined_corner,
          infiniplex_forest_clump_medium, infiniplex_forest_lined_room_3,
          infiniplex_forest_zigzag_2, infiniplex_forest_end_2,
          infiniplex_forest_clump_medium, infiniplex_forest_clump_double,
          infiniplex_forest_lined_room_3, infiniplex_forest_clump_diagonal
Lair:4:   layout_hall_layers, grunt_megastairs_3
Lair:5:   layout_cave_pods, enter_volcano_3, serial_bayou_pond_d, worms_lemuel
Lair:6:   due_jungle_book, layout_gridlike, slime_altar_1,
          gammafunk_ghost_abyssal_escape, grunt_forest_large_clearing_hut

Notes
Turn   | Place    | Note
-------+----------+-------------------------------------------
     0 | D:1      | demibob the Merfolk Gladiator began the quest for the Orb.
     0 | D:1      | Reached XP level 1. HP: 16/16 MP: 1/1
   148 | D:1      | Reached XP level 2. HP: 22/22 MP: 2/2
   671 | D:1      | Reached skill level 5 in Polearms
   934 | D:1      | Found a faded altar of an unknown god.
   939 | D:1      | Became a worshipper of Qazlal Stormbringer
   939 | D:1      | Reached * piety under Qazlal
  1058 | D:2      | Reached XP level 3. HP: 11/27 MP: 3/3
  1284 | D:2      | Reached skill level 5 in Dodging
  1299 | D:2      | Noticed Natasha
  1306 | D:2      | Killed Natasha
  1307 | D:2      | Reached XP level 4. HP: 33/33 MP: 4/4
  1560 | D:2      | Noticed Natasha
  1587 | D:2      | Killed Natasha
  1588 | D:2      | Reached skill level 6 in Polearms
  1942 | D:3      | Found Xoyba's Book Shoppe.
  1972 | D:3      | Found Opeink's Weapon Boutique.
  2054 | D:3      | Reached ** piety under Qazlal
  2055 | D:3      | Reached skill level 6 in Dodging
  2055 | D:3      | Reached XP level 5. HP: 31/38 MP: 5/5
  2127 | D:3      | Found Dekuuvvi's Book Shop.
  2187 | D:3      | Found Voekyx's Assorted Antiques.
  2195 | D:3      | Bought 3 scrolls labelled TUJ JUWIBAESYWE for 81 gold
                  | pieces
  2255 | D:3      | Found Xacyidibb's Armour Emporium.
  2256 | D:3      | Noticed a sky beast
  2264 | D:3      | Noticed an ogre
  2275 | D:3      | Killed an ogre
  2276 | D:3      | Reached skill level 7 in Polearms
  2276 | D:3      | Reached XP level 6. HP: 29/44 MP: 6/6
  2283 | D:3      | Killed a sky beast
  2284 | D:3      | Reached skill level 7 in Dodging
  2661 | D:4      | Reached skill level 8 in Polearms
  2904 | D:4      | Reached skill level 1 in Invocations
  2976 | D:4      | Found an ornate altar of the Wu Jian Council.
  3094 | D:4      | Reached XP level 7. HP: 37/50 MP: 7/7
  3534 | D:5      | Entered Level 5 of the Dungeon
  3559 | D:5      | Reached skill level 2 in Invocations
  3759 | D:5      | Reached skill level 8 in Dodging
  3780 | D:5      | Reached skill level 9 in Polearms
  3780 | D:5      | Reached skill level 3 in Invocations
  4093 | D:5      | Reached XP level 8. HP: 55/56 MP: 10/10
  4303 | D:5      | Found a broken altar of Ashenzari.
  4413 | D:5      | Reached skill level 4 in Invocations
  4663 | D:5      | Found a burning altar of Makhleb.
  4939 | D:5      | Reached skill level 9 in Dodging
  4945 | D:6      | Reached *** piety under Qazlal
  4975 | D:6      | Found a glowing drain.
  4988 | Sewer    | Entered a sewer
  5089 | Sewer    | Reached skill level 10 in Polearms
  5697 | D:6      | Found Lillamma's Neck Hole.
  5769 | D:6      | Reached skill level 11 in Polearms
  6088 | D:7      | Reached XP level 9. HP: 58/61 MP: 12/12
  6101 | D:7      | Reached skill level 12 in Polearms
  6376 | D:7      | Reached skill level 13 in Polearms
  6431 | D:7      | Reached skill level 14 in Polearms
  6653 | D:7      | Found an ancient bone altar of Kikubaaqudgha.
  7122 | D:8      | Noticed Joseph
  7129 | D:8      | Killed Joseph
  7130 | D:8      | Reached skill level 15 in Polearms
  7209 | D:8      | Found a white marble altar of Elyvilon.
  7210 | D:8      | Found a shadowy altar of Dithmenos.
  7224 | D:8      | Reached **** piety under Qazlal
  7358 | D:8      | Reached skill level 5 in Invocations
  7361 | D:8      | Reached XP level 10. HP: 67/67 MP: 12/14
  7385 | D:8      | Found Yngi's Distillery.
  7390 | D:8      | Bought a potion of might for 52 gold pieces
  7390 | D:8      | Bought 2 potions of heal wounds for 130 gold pieces
  7390 | D:8      | Bought a potion of haste for 130 gold pieces
  7472 | D:8      | Reached skill level 10 in Dodging
  7489 | D:8      | Reached skill level 16 in Polearms
  7701 | D:8      | Reached skill level 6 in Invocations
  7860 | D:9      | Noticed Maurice
  7864 | D:9      | Killed Maurice
  8058 | D:9      | Reached skill level 11 in Dodging
  8164 | D:9      | Reached skill level 7 in Invocations
  8756 | D:9      | Found a hide-covered altar of Uskayaw.
  8803 | D:10     | Entered Level 10 of the Dungeon
  9118 | D:10     | Reached skill level 8 in Invocations
  9133 | D:10     | Reached skill level 12 in Dodging
  9639 | D:11     | Noticed Erica
  9646 | D:11     | Noticed a fire giant
  9646 | D:11     | Killed Erica
  9647 | D:11     | Reached XP level 11. HP: 52/72 MP: 10/17
  9661 | D:11     | Reached skill level 9 in Invocations
  9672 | D:11     | Reached skill level 13 in Dodging
  9672 | D:11     | >>lmao
  9672 | D:11     | Noticed a cyclops
  9672 | D:11     | HP: 7/72 [cyclops/large rock (11)]
  9673 | D:11     | >>lmmmmmmao
 10001 | D:11     | Noticed an eight-headed hydra
 10013 | D:11     | Killed an eight-headed hydra
 10054 | D:11     | HP: 4/72 [vampire mosquito (9)]
 10094 | D:11     | Reached skill level 10 in Invocations
 10232 | D:11     | Found a staircase to the Lair.
 10245 | D:11     | Killed a cyclops
 10274 | D:11     | Reached skill level 14 in Dodging
 10294 | D:11     | Killed a fire giant
 10299 | D:11     | >>lmao
 10835 | D:11     | Noticed Harold
 10857 | D:11     | Killed Harold
 10858 | D:11     | Reached skill level 11 in Invocations
 11193 | Lair:1   | Entered Level 1 of the Lair of Beasts
 11302 | Lair:1   | Reached skill level 15 in Dodging
 11316 | Lair:1   | Reached XP level 12. HP: 61/78 MP: 20/20
 11438 | Lair:1   | Identified the +1 scale mail of Ofiorph {rC+ rN+ Str-2}
 11745 | Lair:1   | Noticed a four-headed hydra
 11766 | Lair:1   | Killed a five-headed hydra
 12020 | Lair:1   | Reached skill level 12 in Invocations
 12219 | Lair:1   | Noticed Maggie
 12228 | Lair:1   | Killed Maggie
 12229 | Lair:1   | Reached skill level 16 in Dodging
 12234 | Lair:1   | Identified 2 scrolls of acquirement
 12234 | Lair:1   | Acquired a ring of poison resistance
 12237 | Lair:1   | Acquired a +2 glaive of flaming
 12960 | Lair:2   | Found a staircase to the Swamp.
 13251 | Lair:1   | HP: 2/78 [will-o-the-wisp/foxfire (16)]
 14503 | Lair:2   | Identified the +2 ring mail of the Chupacabra {rF+ Int+7}
 15148 | Lair:3   | Reached skill level 17 in Polearms
 15148 | Lair:3   | Reached skill level 17 in Dodging
 15307 | Lair:3   | Found a hole to the Spider Nest.
 15603 | Lair:3   | Reached XP level 13. HP: 55/83 MP: 22/22
 16322 | Lair:4   | Reached skill level 18 in Polearms
 16660 | Lair:5   | Reached skill level 18 in Dodging
 16995 | Lair:5   | Reached ***** piety under Qazlal
 17981 | Lair:4   | Reached skill level 19 in Polearms
 18663 | Lair:6   | Entered Level 6 of the Lair of Beasts
 18689 | Lair:6   | Reached skill level 13 in Invocations
 18699 | Lair:6   | Reached skill level 19 in Dodging
 18919 | Lair:6   | Found a transporter.
 18936 | Lair:6   | Found a transporter.
 18936 | Lair:6   | Noticed Juaseomp's ghost (journeyman DjFE)
 18974 | Lair:6   | Found a one-way gate to the infinite horrors of the Abyss.
 18997 | Lair:6   | Noticed a dire elephant
 19009 | Lair:6   | Reached XP level 14. HP: 90/90 MP: 24/24
 19039 | Lair:6   | Killed a dire elephant
 19443 | Lair:6   | HP: 8/90 [seven-headed hydra (5)]
 19443 | Lair:6   | Slain by a seven-headed hydra

Vanquished Creatures
  A fire giant (D:11)
  A dire elephant (Lair:6)
  Harold (D:11)
  10 hydras
  A moth of wrath (Lair:5)
  A cyclops (D:11)
  4 black mambas
  Joseph (D:8)
  Maurice (D:9)
  6 cane toads
  Maggie (Lair:1)
  4 rime drakes
  A demonic crawler (Lair:5)
  5 komodo dragons
  An unseen horror (D:11)
  4 polar bears
  3 jumping spiders (Lair:3)
  17 blink frogs
  A dream sheep (Lair:6)
  A shadow (D:11)
  A spriggan (D:9)
  A redback (Lair:3)
  A wraith (D:10)
  5 wyverns
  51 yaks
  3 basilisks
  3 fire bats (D:11)
  4 vampire mosquitoes (D:11)
  3 swamp worms (Lair:5)
  An acid dragon (D:9)
  13 water moccasins
  2 hell hounds (Lair:5)
  An ice beast (D:7)
  3 black bears
  2 orc warriors
  A sky beast (D:3)
  3 necrophages
  19 wolves
  An ogre (D:3)
  9 centaurs
  A kobold brigand (D:7)
  13 bullfrogs
  A gnoll sergeant (D:10)
  2 scorpions
  A wyvern skeleton (D:7)
  9 killer bees
  9 wights
  An electric eel (Lair:2)
  7 howler monkeys
  A bullfrog zombie (D:5)
  5 centaur zombies
  3 hounds
  A jelly (D:4)
  4 orc priests
  A bullfrog skeleton (D:3)
  2 gnoll shamans
  2 orc wizards
  Natasha (twice) (D:2)
  11 iguanas
  A scorpion zombie (D:5)
  5 hell rats
  A hound zombie (D:5)
  A howler monkey zombie (D:5)
  14 gnolls
  7 adders
  A white imp (D:6)
  2 ufetubi
  An adder skeleton (D:5)
  A worm (D:6)
  A dart slug (D:4)
  22 orcs
  6 ball pythons
  4 bats
  6 endoplasms
  A giant cockroach (D:6)
  9 goblins
  2 hobgoblins
  5 jackals
  3 quokkas
  5 frilled lizards
  14 kobolds
380 creatures vanquished.

Vanquished Creatures (collateral kills)
  Erica (D:11)
  A will-o-the-wisp (Lair:1)
  A fire bat (D:11)
3 creatures vanquished.

Vanquished Creatures (others)
  16 foxfires
  29 fungi
  116 plants
  A withered plant (Lair:6)
162 creatures vanquished.

Grand Total: 545 creatures vanquished

Table legend: (Time is in decaauts)
 A = Elapsed time spent in this place.
 B = Non-inter-level travel time spent in this place.
 C = Inter-level travel time spent in this place.
 D = Time resting spent in this place.
 E = Time spent auto-exploring this place.
 F = Levels seen in this place.
 G = Mean time per level.
                   A        B        C        D        E       F      G
               +--------+--------+--------+--------+--------+-----+--------+
         Total |  19056 |  18514 |    542 |   5174 |  10717 |  18 | 1058.7 |
       Dungeon |  10646 |  10294 |    352 |   2180 |   6582 |  11 |  967.8 |
          Lair |   8085 |   7896 |    189 |   2805 |   4057 |   6 | 1347.5 |
         Sewer |    324 |    324 |      0 |    188 |     76 |   1 |  324.0 |
               +--------+--------+--------+--------+--------+-----+--------+

Top non-repeatable levels by time:
  Lair:1: 2202 daAuts
  Lair:3: 1524 daAuts
  Lair:5: 1442 daAuts
     D:5: 1362 daAuts
    D:10: 1253 daAuts
  Lair:2: 1228 daAuts
    D:11: 1063 daAuts
     D:7: 1017 daAuts
     D:1: 973 daAuts
     D:2: 952 daAuts
  Lair:4: 937 daAuts
     D:9: 928 daAuts
     D:4: 900 daAuts
     D:6: 768 daAuts
  Lair:6: 750 daAuts

Table legend:
 A = Non-vault XP
 B = Vault XP
 C = Vault XP percentage of total XP
 D = Non-vault monster count
 E = Vault monster count
 F = Vault count percentage of total count
                 A         B        C        D         E       F
            +---------+---------+-------+---------+---------+-------
      Total |   44326 |   13607 |  23.5 |     319 |      64 |  16.7
            +---------+---------+-------+---------+---------+-------
        D:1 |      26 |       0 |   0.0 |      15 |       0 |   0.0
        D:2 |      70 |      35 |  33.3 |      14 |       1 |   6.7
        D:3 |     352 |       0 |   0.0 |      19 |       0 |   0.0
        D:4 |     222 |       0 |   0.0 |      16 |       0 |   0.0
        D:5 |     859 |       0 |   0.0 |      17 |       0 |   0.0
        D:6 |     459 |       7 |   1.5 |      14 |       2 |  12.5
        D:7 |    1343 |       0 |   0.0 |      30 |       0 |   0.0
        D:8 |    1094 |    1206 |  52.4 |      16 |      13 |  44.8
        D:9 |     943 |     682 |  42.0 |      15 |       2 |  11.8
       D:10 |    1219 |       0 |   0.0 |      14 |       0 |   0.0
       D:11 |    3681 |    4814 |  56.7 |      14 |      15 |  51.7
     Lair:1 |    5728 |     911 |  13.7 |      25 |       2 |   7.4
     Lair:2 |    3184 |     586 |  15.5 |      15 |       5 |  25.0
     Lair:3 |    4835 |    1112 |  18.7 |      24 |       4 |  14.3
     Lair:4 |    6724 |    1076 |  13.8 |      26 |       4 |  13.3
     Lair:5 |    4348 |    1673 |  27.8 |      18 |       7 |  28.0
     Lair:6 |    9239 |    1344 |  12.7 |      27 |       3 |  10.0
      Sewer |       0 |     161 | 100.0 |       0 |       6 | 100.0
            +---------+---------+-------+---------+---------+-------
